Description

BC Opener w early poke marine hellion Build transitions into mech.

Replay - Maru v Scarlett: Game 1 - 2000 애트모스피어 - 래더

Build Order

Get SALT Encoding   

  12  0:00  SCV  
  13  0:12  SCV  
  14  0:16  Supply Depot  
  14  0:24  SCV  
  15  0:38  SCV  
  15  0:39  Barracks  
  16  0:43  Refinery  
  16  0:50  SCV  
  17  1:02  SCV  
  18  1:14  SCV  
  19  1:26  Orbital Command, Marine  
  20  1:38  Command Center  
  20  1:49  Factory  
  20  1:52  SCV  
  21  2:03  Barracks Reactor  
  21  2:05  SCV  
  22  2:09  Supply Depot  
  22  2:10  Refinery  
  22  2:17  SCV  
  23  2:30  SCV  
  23  2:36  Hellion  
  26  2:38  Starport  
  26  2:39  Marine x2  
  26  2:42  SCV  
  29  2:50  Orbital Command  
  29  2:54  SCV  
  29  2:57  Marine x2  
  32  3:02  Hellion  
  34  3:09  SCV  
  35  3:16  Medivac  
  35  3:17  Marine x2, SCV  
  40  3:22  Supply Depot  
  40  3:26  SCV  
  41  3:30  Fusion Core  
  41  3:33  SCV x2  
  43  3:46  Supply Depot  
  43  3:48  Marine  
  44  3:49  Starport Tech Lab  
  44  3:50  Hellion x2  
  44  3:52  SCV x2  
  50  4:04  SCV x2  
  52  4:10  Command Center  
  52  4:17  Supply Depot, SCV  
  53  4:23  SCV  
  54  4:30  Battlecruiser  
  60  4:32  SCV  
  61  4:40  SCV x2  
  61  4:42  Refinery x2  
  63  4:46  Hellion x2  
  63  4:48  Supply Depot  
  63  4:52  SCV x2  
  67  5:04  SCV x2  
  62  5:12  Hellion x2  
  67  5:15  Factory x2  
  67  5:16  SCV x2  
  69  5:22  Orbital Command  
  69  5:28  SCV  
  69  5:30  Armory x2  
  69  5:34  Hellion  
  72  5:42  SCV x2  
  73  5:45  Hellion  
  73  5:48  Orbital Command, Supply Depot  
  76  5:54  SCV x2  
  76  5:55  Hellion  
  80  6:06  SCV x2  
  80  6:07  Factory Tech Lab x2  
  80  6:16  Battlecruiser, Hellion  
  80  6:18  SCV x3  
  89  6:24  Supply Depot  
  91  6:26  Terran Vehicle And Ship Armor Level 1, Terran Vehicle Weapons Level 1  
  91  6:30  SCV x3  
  94  6:40  Supply Depot, Refinery  
  94  6:42  SCV x3  
  94  6:43  Hellion x2  
  97  6:54  SCV x3, Hellion x2  
  98  7:04  Refinery  
  98  7:05  Hellion x2  
  98  7:06  SCV x3  
  102  7:13  Weapon Refit  
  102  7:15  Siege Tank x2  
  109  7:18  SCV x3  
  111  7:22  Engineering Bay  
  111  7:23  Supply Depot  
  112  7:35  Hellion  
  114  7:40  SCV x2  
  116  7:45  Battlecruiser  
  116  7:46  Supply Depot  
  116  7:47  Siege Tank  
  125  7:55  Command Center  
  123  8:01  Missile Turret x2  
  123  8:05  Factory x2  
  120  8:14  Hellion x2  
  120  8:18  SCV  
  122  8:21  Mag-Field Accelerator, Infernal Pre-Igniter  
  122  8:22  Cyclone x2  
  122  8:23  Terran Vehicle Weapons Level 2  
  122  8:29  Terran Vehicle And Ship Armor Level 2  
  122  8:35  Hellion x2  
  122  8:40  Command Center  
  126  8:50  Factory Tech Lab, Factory Reactor  
  126  8:52  Supply Depot  
  126  8:54  Cyclone x2  
  132  8:59  Hellion x2  
  132  9:08  Supply Depot x2  
  126  9:11  SCV x3  
  129  9:18  Missile Turret  
  129  9:19  Factory x2  
  129  9:20  Cyclone  
  129  9:21  Hellion x2  
  129  9:23  SCV x2  
  138  9:26  Cyclone x2  
  138  9:30  Missile Turret x2, Supply Depot  
  144  9:35  Planetary Fortress  
  144  9:36  SCV x3  
  146  9:39  Refinery x2  
  146  9:42  Hellion  
  145  9:59  Command Center, Thor x2  
Spawning Tool Build Advisor. Get it on Overwolf

Go to:

Details

  • Created by: lucahecker
  • Published on: Feb 27, 2022
  • Modified on: Feb 27, 2022
  • Patch: 4.11.0
  • Difficulty: Hard
Show
View Real Time Build Order
Export as new Build Order

Comments (0)

There are no comments. Be the first!

Create an account to comment!